Rangers vs Islanders

Created - 7 mars 2022 at 16:41

Goals
1 2 3 T
Rangers 0 0 1 1
Islanders 0 2 0 2
Shots
1 2 3 T
Rangers 7 13 5 25
Islanders 4 11 12 27

GoalsPenalties
1st period
No Goal
Lawson Crouse (NYI) for High sticking (Minor) at 15:12
2nd period
1. Islanders , J.T. Miller 25 (Alexandre Texier 19) at 2:16 (PP)
2. Islanders , Charlie Coyle 24 (John Klingberg 27, Rasmus Ristolainen 36) at 6:14
Nicolas Aube-Kubel (NYI) for Hooking (Minor) at 0:13
Alexandre Carrier (NYR) for High sticking (Minor) at 0:13
Joel Kiviranta (NYR) for Hooking (Minor) at 1:05
Radim Simek (NYI) for Roughing (Minor) at 3:30
Noah Dobson (NYI) for Hooking (Minor) at 11:52
3rd period
3. Rangers , Pat Maroon 4 (Ryan Lindgren 38, Jeff Skinner 20) at 4:43 (PP)
Alex Tuch (NYI) for Interference (Minor) at 4:07
Goalie Stats
Keith Kinkaid (NYR), 25 saves from 27 shots - (0,926), L, 9-14-3, 58:57 minutes
Tuukka Rask (NYI), 24 saves from 25 shots - (0,960), W, 36-20-2, 60:00 minutes
3 StarsOfficial
1 - Tuukka Rask (NYI)
2 - J.T. Miller (NYI)
3 - Charlie Coyle (NYI)
Referees : Chris Lee and Tim Peel
Linesman : Pierre Racicot and Darren Gibbs
Game Note
No Game Note



Team Name Goals Shots Shots Attemp Shots Blocked PIM HIT PP PK FO%
Rangers 12552104161 / 4 (25%)143%
Islanders 22761310261 / 1 (100%)157%

Rangers
Player Name POS G A P +/- PIM HIT SHT SB MP PP MP PP SHT PK MP PK SHT FO% FOT
Alex ChiassonLW/RW0000021012:360:0000:0000% 0
Alexandre CarrierD0000222321:343:1300:0400% 0
Bowen ByramD000-1013022:443:1310:2300% 0
Brandon DavidsonD0000000014:420:0000:2800% 0
Gabriel VilardiC0000004016:063:2610:04050% 14
Jeff SkinnerLW0110002018:043:2010:04050% 2
Joel KivirantaLW000-120107:000:0000:0000% 0
Kevin ConnautonD0000000014:590:3300:4800% 0
Kyle OkposoLW/RW000-100107:340:0000:00029% 7
Marcus JohanssonC/LW0000002019:123:2400:20030% 20
Nils HoglanderLW/RW0000003017:110:0000:0000% 0
Pat MaroonLW101-1032011:113:2620:47067% 3
Pierre-Luc DuboisC0000012021:073:0710:00056% 18
Ryan LindgrenD011-1021323:092:4700:3900% 0
Ryan ReavesRW0000010217:463:0700:0000% 0
Samuel GirardD0000010218:540:0000:0000% 0
Trevor ZegrasC0000000020:233:0900:00040% 10
Wayne SimmondsLW/RW0000031012:360:0000:0000% 0
Islanders
Player Name POS G A P +/- PIM HIT SHT SB MP PP MP PP SHT PK MP PK SHT FO% FOT
Alex TuchLW/RW0000214018:400:0000:00050% 2
Alexandre TexierC/LW/RW0110042015:020:0401:01050% 12
Anders LeeLW0000030019:050:0000:24075% 4
Charlie CoyleC/RW1011003017:120:0002:28062% 13
J.T. MillerC/LW/RW1010035021:340:0413:20058% 24
James van RiemsdykLW0000016013:410:0410:0000% 2
Jesse PuljujarviRW0000010013:410:0400:0000% 1
Johan LarssonC000000009:350:0003:14069% 13
John KlingbergD0111001123:170:0402:5200% 0
Lawson CrouseLW/RW0001232016:120:0002:33050% 2
Milan LucicLW000000006:470:0000:0600% 0
Nicolas Aube-KubelRW0001201013:390:0000:0000% 1
Noah DobsonD0000221012:570:0000:0000% 0
Radim SimekD0000210021:370:0001:3400% 0
Rasmus DahlinD0000051022:220:0002:4910% 0
Rasmus RistolainenD0111020124:540:0003:4200% 0
Sammy BlaisLW/RW000000106:210:0000:0000% 0
Troy StecherD0000000114:470:0002:0900% 0

Rangers

5 vs 5 Forward
Line #Left WingCenterRight WingPHYDFOFWanted %Time %Time Play
1Trevor ZegrasPierre-Luc DuboisNils Hoglander0233333%16:34
2Jeff SkinnerMarcus JohanssonRyan Reaves0323029%14:39
3Wayne SimmondsGabriel VilardiAlex Chiasson1312225%12:36
4Joel KivirantaKyle OkposoPat Maroon2211514%6:58
5 vs 5 Defense
Line #DefenseDefensePHYDFOFWanted %Time %Time Play
1Ryan LindgrenBowen Byram0324036%18:18
2Samuel GirardAlexandre Carrier0324037%18:54
3Brandon DavidsonKevin Connauton1402027%13:35
4Bowen ByramRyan Lindgren12200%0:00
Power Play Forward
Line #Left WingCenterRight WingPHYDFOFWanted %Time %Time Play
1Pat MaroonTrevor ZegrasGabriel Vilardi0145052%3:26
2Marcus JohanssonPierre-Luc DuboisRyan Reaves0145048%3:07
Power Play Defense
Line #DefenseDefensePHYDFOFWanted %Time %Time Play
1Alexandre CarrierBowen Byram0145049%3:13
2Jeff SkinnerRyan Lindgren0235051%3:20
Penalty Kill 4 Players Forward
Line #CenterWingPHYDFOFWanted %Time %Time Play
1Gabriel VilardiJeff Skinner04150100%0:04
2Pat MaroonPierre-Luc Dubois041500%0:00
Penalty Kill 4 Players Defense
Line #DefenseDefensePHYDFOFWanted %Time %Time Play
1Ryan LindgrenBowen Byram032500%0:00
2Kevin ConnautonAlexandre Carrier04150100%0:04
Penalty Kill 3 Players
Line #WingPHYDFOFWanted %Time %Time PlayDefenseDefensePHYDFOFWanted %Time %Time Play
1Marcus Johansson1405030%0:20 Bowen ByramRyan Lindgren1405034%0:23
2Pat Maroon1405070%0:47 Kevin ConnautonAlexandre Carrier1405066%0:44
4 vs 4 Forward
Line #CenterWingPHYDFOFWanted %Time %Time Play
1Trevor ZegrasJoel Kiviranta023506%0:03
2Marcus JohanssonPierre-Luc Dubois0235094%0:49
4 vs 4 Defense
Line #DefensePHYDFOFWanted %Time %Time Play
1Alexandre CarrierKevin Connauton023506%50% - 0:03
2Ryan LindgrenBowen Byram0325094%50% - 0:49
Last Minutes Offensive
Left WingCenterRight WingDefenseDefense
Nils HoglanderPierre-Luc DuboisJeff SkinnerTrevor ZegrasKevin Connauton
Last Minutes Defensive
Left WingCenterRight WingDefenseDefense
Gabriel VilardiMarcus JohanssonRyan ReavesRyan LindgrenAlexandre Carrier
Time
Total ForwardTotal DefenseLast Minutes OffensiveLast Minutes Defensive
60:00 60:00 0:370:00
Extra Forwards
Normal PowerPlayPenalty Kill
Trevor Zegras, Marcus Johansson, Pierre-Luc DuboisPierre-Luc Dubois, Pat MaroonMarcus Johansson
Extra Defensemen
Normal PowerPlayPenalty Kill
Ryan Lindgren, Kevin Connauton, Alexandre CarrierAlexandre Carrier, Ryan LindgrenAlexandre Carrier
Penalty Shots
Pierre-Luc Dubois, Pat Maroon, Trevor Zegras, Marcus Johansson, Ryan Lindgren
Goalie
Keith Kinkaid, Mads Sogaard
Custom OT Lines Forwards
Gabriel Vilardi, Trevor Zegras, Ryan Reaves, Pierre-Luc Dubois, Nils Hoglander, Marcus Johansson, Pat Maroon, Joel Kiviranta, Kyle Okposo, Jeff Skinner
Custom OT Lines Defensemen
Alexandre Carrier, Ryan Lindgren, Bowen Byram, Samuel Girard, Kevin Connauton
Scratches
Akil Thomas (Healthy), Dylan Coghlan (Right Leg Injury), Jordie Benn (Sprained Right Finger Injury), Kyle Turris (Healthy), Philip Tomasino (Healthy) Darren Raddysh (Healthy), Igor Shesterkin (Exhaustion)

Islanders

5 vs 5 Forward
Line #Left WingCenterRight WingPHYDFOFWanted %Time %Time Play
1Anders LeeJ.T. MillerAlex Tuch1223334%17:25
2Lawson CrouseCharlie CoyleNicolas Aube-Kubel2212727%13:40
3James van RiemsdykAlexandre TexierJesse Puljujarvi1132627%13:37
4Milan LucicJohan LarssonSammy Blais2121412%6:21
5 vs 5 Defense
Line #DefenseDefensePHYDFOFWanted %Time %Time Play
1Rasmus RistolainenJohn Klingberg1224138%19:37
2Radim SimekRasmus Dahlin1223737%18:49
3Noah DobsonTroy Stecher0232225%12:37
4Rasmus RistolainenJohn Klingberg12200%0:00
Power Play Forward
Line #Left WingCenterRight WingPHYDFOFWanted %Time %Time Play
1Anders LeeCharlie CoyleAlex Tuch005570%0:00
2James van RiemsdykAlexandre TexierJesse Puljujarvi00543100%0:04
Power Play Defense
Line #DefenseDefensePHYDFOFWanted %Time %Time Play
1John KlingbergJ.T. Miller01454100%0:04
2Rasmus DahlinRasmus Ristolainen122460%0:00
Penalty Kill 4 Players Forward
Line #CenterWingPHYDFOFWanted %Time %Time Play
1Johan LarssonLawson Crouse1315462%4:05
2J.T. MillerCharlie Coyle1314638%2:28
Penalty Kill 4 Players Defense
Line #DefenseDefensePHYDFOFWanted %Time %Time Play
1Rasmus RistolainenRasmus Dahlin1315554%3:31
2Radim SimekJohn Klingberg1314546%3:02
Penalty Kill 3 Players
Line #WingPHYDFOFWanted %Time %Time PlayDefenseDefensePHYDFOFWanted %Time %Time Play
1Johan Larsson131540%0:00 Rasmus RistolainenRadim Simek131540%0:00
2Charlie Coyle131460%0:00 Rasmus DahlinJohn Klingberg131460%0:00
4 vs 4 Forward
Line #CenterWingPHYDFOFWanted %Time %Time Play
1J.T. MillerCharlie Coyle1225037%0:44
2Anders LeeAlex Tuch1225063%1:15
4 vs 4 Defense
Line #DefensePHYDFOFWanted %Time %Time Play
1Rasmus RistolainenRadim Simek1225063%50% - 1:15
2Rasmus DahlinJohn Klingberg1225037%50% - 0:44
Last Minutes Offensive
Left WingCenterRight WingDefenseDefense
Anders LeeJ.T. MillerAlex TuchRasmus RistolainenNoah Dobson
Last Minutes Defensive
Left WingCenterRight WingDefenseDefense
Anders LeeJ.T. MillerAlex TuchRasmus RistolainenNoah Dobson
Time
Total ForwardTotal DefenseLast Minutes OffensiveLast Minutes Defensive
60:00 60:00 0:000:21
Extra Forwards
Normal PowerPlayPenalty Kill
Jesse Puljujarvi, Charlie Coyle, Alexandre TexierJesse Puljujarvi, Charlie CoyleAlexandre Texier
Extra Defensemen
Normal PowerPlayPenalty Kill
Radim Simek, Troy Stecher, Rasmus DahlinRadim Simek, Troy StecherRasmus Dahlin
Penalty Shots
J.T. Miller, Jesse Puljujarvi, Anders Lee, Alex Tuch, James van Riemsdyk
Goalie
Tuukka Rask, Linus Ullmark
Custom OT Lines Forwards
J.T. Miller, Johan Larsson, Anders Lee, Alex Tuch, James van Riemsdyk, Lawson Crouse, Jesse Puljujarvi, Charlie Coyle, Alexandre Texier, Milan Lucic
Custom OT Lines Defensemen
Rasmus Ristolainen, Noah Dobson, Rasmus Dahlin, John Klingberg, Radim Simek
Scratches
Bo Horvat (Groin Injury), Duncan Keith (Strained Left Knee Injury), Dylan Strome (Bruised Right Shoulder Injury)


Play-by-Play

1st period


0:01 of 1st period - Pierre-Luc Dubois wins face-off versus J.T. Miller in neutral zone.
0:11 of 1st period - Shot by Nils Hoglander.
0:11 of 1st period - Stopped by Tuukka Rask with a rebound.
0:20 of 1st period - Icing by John Klingberg.
0:21 of 1st period - Marcus Johansson wins face-off versus J.T. Miller in Islanders zone.
0:24 of 1st period - Shot by Jeff Skinner.
0:24 of 1st period - Shot Misses the Net.
0:40 of 1st period - Shot by Marcus Johansson.
0:40 of 1st period - Shot Blocked by Rasmus Ristolainen.
0:59 of 1st period - Marcus Johansson is hit by Rasmus Ristolainen and loses puck.
1:30 of 1st period - Shot by Lawson Crouse.
1:30 of 1st period - Stopped by Keith Kinkaid without a rebound.
1:31 of 1st period - Alexandre Texier wins face-off versus Kyle Okposo in Rangers zone.
2:00 of 1st period - Shot by Joel Kiviranta.
2:00 of 1st period - Shot Misses the Net.
2:47 of 1st period - Joel Kiviranta is hit by Radim Simek and loses puck.
3:23 of 1st period - Icing by Nils Hoglander.
3:24 of 1st period - Johan Larsson wins face-off versus Pierre-Luc Dubois in Rangers zone.
3:47 of 1st period - Shot by Trevor Zegras.
3:47 of 1st period - Shot Misses the Net.
5:09 of 1st period - Gabriel Vilardi is hit by Lawson Crouse and loses puck.
5:14 of 1st period - Troy Stecher is hit by Wayne Simmonds and loses puck.
6:22 of 1st period - Ryan Lindgren is hit by Jesse Puljujarvi.
6:23 of 1st period - Icing by Ryan Lindgren.
6:24 of 1st period - Marcus Johansson wins face-off versus J.T. Miller in Rangers zone.
6:42 of 1st period - Pierre-Luc Dubois is hit by Anders Lee and loses puck.
7:10 of 1st period - Shot by Trevor Zegras.
7:10 of 1st period - Shot Misses the Net.
8:40 of 1st period - Shot by Charlie Coyle.
8:40 of 1st period - Shot Blocked by Samuel Girard.
8:43 of 1st period - Icing by Alexandre Carrier.
8:44 of 1st period - Gabriel Vilardi wins face-off versus Johan Larsson in Rangers zone.
9:21 of 1st period - Troy Stecher is hit by Wayne Simmonds.
10:37 of 1st period - Shot by Bowen Byram.
10:37 of 1st period - Shot Misses the Net.
10:57 of 1st period - Shot by Alexandre Texier.
10:57 of 1st period - Stopped by Keith Kinkaid with a rebound.
11:41 of 1st period - Shot by Jeff Skinner.
11:41 of 1st period - Stopped by Tuukka Rask without a rebound.
11:42 of 1st period - Charlie Coyle wins face-off versus Kyle Okposo in Islanders zone.
12:37 of 1st period - Icing by Troy Stecher.
12:38 of 1st period - Anders Lee wins face-off versus Gabriel Vilardi in Islanders zone.
12:50 of 1st period - Anders Lee is hit by Samuel Girard and loses puck.
12:53 of 1st period - Shot by J.T. Miller.
12:53 of 1st period - Shot Misses the Net.
13:42 of 1st period - Bowen Byram is hit by Rasmus Dahlin and loses puck.
14:05 of 1st period - Rasmus Dahlin is hit by Ryan Reaves and loses puck.
15:12 of 1st period - Minor Penalty to Lawson Crouse for High sticking.
15:13 of 1st period - J.T. Miller wins face-off versus Trevor Zegras in Islanders zone.
15:27 of 1st period - Shot by Kevin Connauton.
15:27 of 1st period - Shot Blocked by Troy Stecher.
15:29 of 1st period - Shot by Jeff Skinner.
15:29 of 1st period - Stopped by Tuukka Rask with a rebound.
15:35 of 1st period - Shot by Gabriel Vilardi.
15:35 of 1st period - Stopped by Tuukka Rask with a rebound.
16:02 of 1st period - Off-side.
16:03 of 1st period - Pierre-Luc Dubois wins face-off versus Alexandre Texier in neutral zone.
16:54 of 1st period - Shot by Rasmus Dahlin.
16:54 of 1st period - Stopped by Keith Kinkaid without a rebound.
16:55 of 1st period - Johan Larsson wins face-off versus Marcus Johansson in Rangers zone.
17:06 of 1st period - J.T. Miller is hit by Pat Maroon and loses puck.
17:25 of 1st period - Shot by Wayne Simmonds.
17:25 of 1st period - Shot Misses the Net.
18:01 of 1st period - Icing by Alexandre Carrier.
18:02 of 1st period - Kyle Okposo wins face-off versus Jesse Puljujarvi in Rangers zone.
18:17 of 1st period - Shot by James van Riemsdyk.
18:17 of 1st period - Stopped by Keith Kinkaid without a rebound.
18:18 of 1st period - Alex Tuch wins face-off versus Marcus Johansson in Rangers zone.
18:26 of 1st period - Shot by Marcus Johansson.
18:26 of 1st period - Shot Misses the Net.
18:28 of 1st period - Shot by Bowen Byram.
18:28 of 1st period - Stopped by Tuukka Rask with a rebound.
18:36 of 1st period - Shot by Jeff Skinner.
18:36 of 1st period - Shot Misses the Net.
18:38 of 1st period - Shot by Ryan Lindgren.
18:38 of 1st period - Stopped by Tuukka Rask without a rebound.
18:39 of 1st period - Trevor Zegras wins face-off versus James van Riemsdyk in Islanders zone.
18:56 of 1st period - Shot by Pierre-Luc Dubois.
18:56 of 1st period - Shot Misses the Net.
18:58 of 1st period - Shot by Alexandre Carrier.
18:58 of 1st period - Stopped by Tuukka Rask without a rebound.
18:59 of 1st period - J.T. Miller wins face-off versus Marcus Johansson in Islanders zone.
19:10 of 1st period - Shot by Radim Simek.
19:10 of 1st period - Shot Misses the Net.
19:12 of 1st period - Shot by J.T. Miller.
19:12 of 1st period - Shot Blocked by Ryan Lindgren.
19:28 of 1st period - Shot by J.T. Miller.
19:28 of 1st period - Shot Misses the Net.
19:30 of 1st period - Shot by Radim Simek.
19:30 of 1st period - Shot Misses the Net.
19:32 of 1st period - Shot by Radim Simek.
19:32 of 1st period - Shot Misses the Net.
Goals for this period are 0 for Rangers vs 0 for Islanders.
Shots for this period are 7 for Rangers vs 4 for Islanders.

2nd period


0:01 of 2nd period - Pierre-Luc Dubois wins face-off versus Charlie Coyle in neutral zone.
0:13 of 2nd period - Minor Penalty to Nicolas Aube-Kubel for Hooking.
0:13 of 2nd period - Minor Penalty to Alexandre Carrier for High sticking.
0:14 of 2nd period - Anders Lee wins face-off versus Marcus Johansson in Rangers zone.
0:21 of 2nd period - Shot by Anders Lee.
0:21 of 2nd period - Shot Misses the Net.
1:05 of 2nd period - Minor Penalty to Joel Kiviranta for Hooking.
1:06 of 2nd period - Pat Maroon wins face-off versus J.T. Miller in Rangers zone.
1:29 of 2nd period - Shot by J.T. Miller.
1:29 of 2nd period - Stopped by Keith Kinkaid without a rebound.
1:30 of 2nd period - J.T. Miller wins face-off versus Marcus Johansson in Rangers zone.
1:45 of 2nd period - Shot by J.T. Miller.
1:45 of 2nd period - Stopped by Keith Kinkaid without a rebound.
1:46 of 2nd period - Anders Lee wins face-off versus Pat Maroon in Rangers zone.
2:08 of 2nd period - Shot by Alex Tuch.
2:08 of 2nd period - Stopped by Keith Kinkaid without a rebound.
2:09 of 2nd period - J.T. Miller wins face-off versus Marcus Johansson in Rangers zone.
2:14 of 2nd period - Shot by James van Riemsdyk.
2:14 of 2nd period - Stopped by Keith Kinkaid without a rebound.
2:15 of 2nd period - Alexandre Texier wins face-off versus Jeff Skinner in Rangers zone.
2:16 of 2nd period - Shot by J.T. Miller.
2:16 of 2nd period - Goal by J.T. Miller - Rangers : 0 - Islanders : 1.
2:17 of 2nd period - Trevor Zegras wins face-off versus J.T. Miller in neutral zone.
2:28 of 2nd period - Shot by Nils Hoglander.
2:28 of 2nd period - Shot Hit the Post.
2:30 of 2nd period - Shot by Alexandre Carrier.
2:30 of 2nd period - Stopped by Tuukka Rask without a rebound.
2:31 of 2nd period - Jeff Skinner wins face-off versus Alexandre Texier in Islanders zone.
2:31 of 2nd period - Jeff Skinner is hit by Rasmus Dahlin.
2:35 of 2nd period - Shot by Marcus Johansson.
2:35 of 2nd period - Shot Misses the Net.
2:39 of 2nd period - Shot by Marcus Johansson.
2:39 of 2nd period - Stopped by Tuukka Rask without a rebound.
2:40 of 2nd period - J.T. Miller wins face-off versus Pierre-Luc Dubois in Islanders zone.
2:40 of 2nd period - J.T. Miller is hit by Pierre-Luc Dubois.
2:46 of 2nd period - Pierre-Luc Dubois is hit by Alex Tuch and loses puck.
3:18 of 2nd period - Shot by Nils Hoglander.
3:18 of 2nd period - Stopped by Tuukka Rask without a rebound.
3:19 of 2nd period - Marcus Johansson wins face-off versus Nicolas Aube-Kubel in Islanders zone.
3:29 of 2nd period - Jeff Skinner is hit by Rasmus Dahlin and loses puck.
3:30 of 2nd period - Minor Penalty to Radim Simek for Roughing.
3:31 of 2nd period - Johan Larsson wins face-off versus Trevor Zegras in Islanders zone.
3:48 of 2nd period - Icing by Ryan Lindgren.
3:49 of 2nd period - Johan Larsson wins face-off versus Trevor Zegras in Rangers zone.
4:50 of 2nd period - Shot by Alexandre Carrier.
4:50 of 2nd period - Shot Misses the Net.
4:52 of 2nd period - Shot by Bowen Byram.
4:52 of 2nd period - Shot Blocked by John Klingberg.
4:54 of 2nd period - Shot by Pierre-Luc Dubois.
4:54 of 2nd period - Shot Misses the Net.
4:56 of 2nd period - Shot by Pierre-Luc Dubois.
4:56 of 2nd period - Stopped by Tuukka Rask without a rebound.
4:57 of 2nd period - Johan Larsson wins face-off versus Pierre-Luc Dubois in Islanders zone.
5:41 of 2nd period - Icing by Radim Simek.
5:42 of 2nd period - Kyle Okposo wins face-off versus Alexandre Texier in Islanders zone.
5:49 of 2nd period - Shot by Joel Kiviranta.
5:49 of 2nd period - Stopped by Tuukka Rask without a rebound.
5:50 of 2nd period - Johan Larsson wins face-off versus Gabriel Vilardi in Islanders zone.
5:50 of 2nd period - Johan Larsson is hit by Alex Chiasson.
5:56 of 2nd period - Shot by Gabriel Vilardi.
5:56 of 2nd period - Stopped by Tuukka Rask without a rebound.
5:57 of 2nd period - Charlie Coyle wins face-off versus Kyle Okposo in Islanders zone.
6:14 of 2nd period - Shot by Charlie Coyle.
6:14 of 2nd period - Goal by Charlie Coyle - Rangers : 0 - Islanders : 2.
6:15 of 2nd period - Pierre-Luc Dubois wins face-off versus Alex Tuch in neutral zone.
7:01 of 2nd period - Alex Tuch is hit by Alexandre Carrier and loses puck.
7:19 of 2nd period - Alexandre Texier is hit by Alexandre Carrier and loses puck.
7:36 of 2nd period - Shot by Alexandre Texier.
7:36 of 2nd period - Shot Misses the Net.
7:38 of 2nd period - Shot by James van Riemsdyk.
7:38 of 2nd period - Shot Misses the Net.
7:40 of 2nd period - Shot by James van Riemsdyk.
7:40 of 2nd period - Stopped by Keith Kinkaid without a rebound.
7:41 of 2nd period - Charlie Coyle wins face-off versus Marcus Johansson in Rangers zone.
7:42 of 2nd period - Shot by Lawson Crouse.
7:42 of 2nd period - Shot Misses the Net.
7:44 of 2nd period - Shot by Charlie Coyle.
7:44 of 2nd period - Shot Misses the Net.
7:46 of 2nd period - Shot by Lawson Crouse.
7:46 of 2nd period - Shot Blocked by Ryan Lindgren.
7:53 of 2nd period - Marcus Johansson is hit by Lawson Crouse.
8:00 of 2nd period - Troy Stecher is hit by Ryan Lindgren and loses puck.
8:05 of 2nd period - Shot by Charlie Coyle.
8:05 of 2nd period - Shot Blocked by Ryan Lindgren.
8:07 of 2nd period - Shot by Nicolas Aube-Kubel.
8:07 of 2nd period - Deflect By Charlie Coyle.
8:07 of 2nd period - Shot Misses the Net.
8:09 of 2nd period - Shot by Lawson Crouse.
8:09 of 2nd period - Shot Blocked by Ryan Reaves.
8:17 of 2nd period - Shot by Marcus Johansson.
8:17 of 2nd period - Stopped by Tuukka Rask with a rebound.
8:22 of 2nd period - Troy Stecher is hit by Ryan Lindgren and loses puck.
9:06 of 2nd period - Wayne Simmonds is hit by Rasmus Ristolainen and loses puck.
10:09 of 2nd period - Joel Kiviranta is hit by Rasmus Dahlin and loses puck.
10:37 of 2nd period - Off-side.
10:38 of 2nd period - Marcus Johansson wins face-off versus Lawson Crouse in neutral zone.
11:07 of 2nd period - Bowen Byram is hit by Lawson Crouse and loses puck.
11:37 of 2nd period - Nils Hoglander is hit by Anders Lee and loses puck.
11:45 of 2nd period - Trevor Zegras is hit by Noah Dobson.
11:52 of 2nd period - Minor Penalty to Noah Dobson for Hooking.
11:53 of 2nd period - Trevor Zegras wins face-off versus Johan Larsson in Islanders zone.
12:08 of 2nd period - Shot by Trevor Zegras.
12:08 of 2nd period - Deflect By Pat Maroon.
12:08 of 2nd period - Stopped by Tuukka Rask with a rebound.
12:44 of 2nd period - Shot by Bowen Byram.
12:44 of 2nd period - Stopped by Tuukka Rask without a rebound.
12:45 of 2nd period - Johan Larsson wins face-off versus Pierre-Luc Dubois in Islanders zone.
13:10 of 2nd period - Shot by Marcus Johansson.
13:10 of 2nd period - Shot Misses the Net.
14:03 of 2nd period - Shot by Wayne Simmonds.
14:03 of 2nd period - Stopped by Tuukka Rask without a rebound.
14:04 of 2nd period - Alexandre Texier wins face-off versus Kyle Okposo in Islanders zone.
14:36 of 2nd period - Shot by Alexandre Texier.
14:36 of 2nd period - Shot Hit the Post.
14:38 of 2nd period - Shot by James van Riemsdyk.
14:38 of 2nd period - Stopped by Keith Kinkaid with a rebound.
14:40 of 2nd period - Shot by Alexandre Texier.
14:40 of 2nd period - Stopped by Keith Kinkaid without a rebound.
14:41 of 2nd period - Gabriel Vilardi wins face-off versus J.T. Miller in Rangers zone.
14:41 of 2nd period - Alex Chiasson is hit by J.T. Miller and loses puck.
14:46 of 2nd period - Shot by Anders Lee.
14:46 of 2nd period - Shot Misses the Net.
14:48 of 2nd period - Shot by Noah Dobson.
14:48 of 2nd period - Shot Misses the Net.
14:50 of 2nd period - Shot by Alex Tuch.
14:50 of 2nd period - Stopped by Keith Kinkaid without a rebound.
14:51 of 2nd period - Charlie Coyle wins face-off versus Gabriel Vilardi in Rangers zone.
14:52 of 2nd period - Shot by Lawson Crouse.
14:52 of 2nd period - Shot Misses the Net.
14:54 of 2nd period - Shot by Charlie Coyle.
14:54 of 2nd period - Stopped by Keith Kinkaid with a rebound.
14:56 of 2nd period - Shot by Lawson Crouse.
14:56 of 2nd period - Shot Blocked by Alexandre Carrier.
15:17 of 2nd period - Icing by Samuel Girard.
15:18 of 2nd period - J.T. Miller wins face-off versus Gabriel Vilardi in Rangers zone.
15:21 of 2nd period - Shot by Alex Tuch.
15:21 of 2nd period - Shot Misses the Net.
15:35 of 2nd period - Shot by Gabriel Vilardi.
15:35 of 2nd period - Shot Misses the Net.
16:51 of 2nd period - Shot by Trevor Zegras.
16:51 of 2nd period - Shot Misses the Net.
16:53 of 2nd period - Shot by Nils Hoglander.
16:53 of 2nd period - Shot Misses the Net.
16:55 of 2nd period - Shot by Ryan Lindgren.
16:55 of 2nd period - Shot Misses the Net.
17:03 of 2nd period - Shot by Trevor Zegras.
17:03 of 2nd period - Shot Misses the Net.
18:20 of 2nd period - Shot by Joel Kiviranta.
18:20 of 2nd period - Shot Misses the Net.
18:28 of 2nd period - Shot by Kyle Okposo.
18:28 of 2nd period - Stopped by Tuukka Rask without a rebound.
18:29 of 2nd period - Pierre-Luc Dubois wins face-off versus J.T. Miller in Islanders zone.
18:30 of 2nd period - Shot by Nils Hoglander.
18:30 of 2nd period - Shot Misses the Net.
19:12 of 2nd period - Shot by J.T. Miller.
19:12 of 2nd period - Shot Misses the Net.
19:22 of 2nd period - Shot by Alex Chiasson.
19:22 of 2nd period - Shot Hit the Post.
19:24 of 2nd period - Shot by Alex Chiasson.
19:24 of 2nd period - Stopped by Tuukka Rask with a rebound.
19:26 of 2nd period - Shot by Gabriel Vilardi.
19:26 of 2nd period - Stopped by Tuukka Rask without a rebound.
19:27 of 2nd period - Charlie Coyle wins face-off versus Marcus Johansson in Islanders zone.
Goals for this period are 0 for Rangers vs 2 for Islanders.
Shots for this period are 13 for Rangers vs 11 for Islanders.

3rd period


0:01 of 3rd period - Trevor Zegras wins face-off versus Anders Lee in neutral zone.
0:17 of 3rd period - Shot by J.T. Miller.
0:17 of 3rd period - Stopped by Keith Kinkaid without a rebound.
0:18 of 3rd period - Marcus Johansson wins face-off versus James van Riemsdyk in Rangers zone.
0:18 of 3rd period - Marcus Johansson is hit by Alexandre Texier.
0:44 of 3rd period - Alexandre Carrier is hit by Alexandre Texier and loses puck.
1:32 of 3rd period - Icing by Ryan Lindgren.
1:33 of 3rd period - Pierre-Luc Dubois wins face-off versus J.T. Miller in Rangers zone.
1:42 of 3rd period - Shot by Nils Hoglander.
1:42 of 3rd period - Stopped by Tuukka Rask without a rebound.
1:43 of 3rd period - Gabriel Vilardi wins face-off versus Charlie Coyle in Islanders zone.
1:57 of 3rd period - Shot by Gabriel Vilardi.
1:57 of 3rd period - Stopped by Tuukka Rask without a rebound.
1:58 of 3rd period - J.T. Miller wins face-off versus Marcus Johansson in Islanders zone.
2:05 of 3rd period - Samuel Girard is hit by J.T. Miller.
2:12 of 3rd period - Off-side.
2:13 of 3rd period - Pierre-Luc Dubois wins face-off versus Charlie Coyle in neutral zone.
2:21 of 3rd period - Lawson Crouse is hit by Bowen Byram and loses puck.
4:07 of 3rd period - Minor Penalty to Alex Tuch for Interference.
4:08 of 3rd period - Johan Larsson wins face-off versus Trevor Zegras in Islanders zone.
4:12 of 3rd period - Off-side.
4:13 of 3rd period - Lawson Crouse wins face-off versus Trevor Zegras in neutral zone.
4:22 of 3rd period - Shot by Johan Larsson.
4:22 of 3rd period - Deflect By Lawson Crouse.
4:22 of 3rd period - Shot Misses the Net.
4:25 of 3rd period - Icing by Jeff Skinner.
4:26 of 3rd period - Pat Maroon wins face-off versus Johan Larsson in Rangers zone.
4:43 of 3rd period - Shot by Pat Maroon.
4:43 of 3rd period - Goal by Pat Maroon - Rangers : 1 - Islanders : 2.
4:44 of 3rd period - Gabriel Vilardi wins face-off versus Alexandre Texier in neutral zone.
4:47 of 3rd period - James van Riemsdyk is hit by Alex Chiasson and loses puck.
4:51 of 3rd period - Icing by Alexandre Texier.
4:52 of 3rd period - Alexandre Texier wins face-off versus Kyle Okposo in Islanders zone.
4:52 of 3rd period - Alexandre Texier is hit by Pat Maroon.
5:07 of 3rd period - Shot by Alexandre Texier.
5:07 of 3rd period - Shot Blocked by Alexandre Carrier.
5:09 of 3rd period - Shot by Noah Dobson.
5:09 of 3rd period - Stopped by Keith Kinkaid without a rebound.
5:10 of 3rd period - Gabriel Vilardi wins face-off versus J.T. Miller in Rangers zone.
5:10 of 3rd period - Gabriel Vilardi is hit by J.T. Miller.
5:16 of 3rd period - Shot by Bowen Byram.
5:16 of 3rd period - Stopped by Tuukka Rask without a rebound.
5:17 of 3rd period - J.T. Miller wins face-off versus Pierre-Luc Dubois in Islanders zone.
5:34 of 3rd period - Shot by J.T. Miller.
5:34 of 3rd period - Stopped by Keith Kinkaid without a rebound.
5:35 of 3rd period - Marcus Johansson wins face-off versus Charlie Coyle in Rangers zone.
6:03 of 3rd period - Shot by Marcus Johansson.
6:03 of 3rd period - Shot Misses the Net.
6:36 of 3rd period - Icing by Ryan Lindgren.
6:37 of 3rd period - J.T. Miller wins face-off versus Pierre-Luc Dubois in Rangers zone.
6:41 of 3rd period - Shot by Alex Tuch.
6:41 of 3rd period - Stopped by Keith Kinkaid without a rebound.
6:42 of 3rd period - Pierre-Luc Dubois wins face-off versus J.T. Miller in Rangers zone.
6:54 of 3rd period - Shot by Trevor Zegras.
6:54 of 3rd period - Shot Misses the Net.
7:12 of 3rd period - Shot by Pierre-Luc Dubois.
7:12 of 3rd period - Stopped by Tuukka Rask without a rebound.
7:13 of 3rd period - Gabriel Vilardi wins face-off versus Alexandre Texier in Islanders zone.
7:46 of 3rd period - Icing by Brandon Davidson.
7:47 of 3rd period - J.T. Miller wins face-off versus Gabriel Vilardi in Rangers zone.
8:51 of 3rd period - Icing by Ryan Lindgren.
8:52 of 3rd period - Pierre-Luc Dubois wins face-off versus Alexandre Texier in Rangers zone.
8:52 of 3rd period - Pierre-Luc Dubois is hit by Alexandre Texier.
9:06 of 3rd period - Ryan Lindgren is hit by Noah Dobson.
9:41 of 3rd period - Icing by Bowen Byram.
9:42 of 3rd period - J.T. Miller wins face-off versus Pierre-Luc Dubois in Rangers zone.
9:47 of 3rd period - Shot by Alex Tuch.
9:47 of 3rd period - Shot Misses the Net.
9:50 of 3rd period - Icing by Nils Hoglander.
9:51 of 3rd period - J.T. Miller wins face-off versus Trevor Zegras in Rangers zone.
10:00 of 3rd period - Shot by Alex Tuch.
10:00 of 3rd period - Shot Misses the Net.
10:02 of 3rd period - Shot by J.T. Miller.
10:02 of 3rd period - Shot Misses the Net.
10:34 of 3rd period - Shot by Alex Tuch.
10:34 of 3rd period - Stopped by Keith Kinkaid without a rebound.
10:35 of 3rd period - Charlie Coyle wins face-off versus Marcus Johansson in Rangers zone.
10:42 of 3rd period - Shot by Nicolas Aube-Kubel.
10:42 of 3rd period - Shot Misses the Net.
10:44 of 3rd period - Shot by Charlie Coyle.
10:44 of 3rd period - Shot Blocked by Samuel Girard.
10:46 of 3rd period - Shot by Rasmus Dahlin.
10:46 of 3rd period - Shot Misses the Net.
10:48 of 3rd period - Shot by Lawson Crouse.
10:48 of 3rd period - Stopped by Keith Kinkaid without a rebound.
10:49 of 3rd period - Gabriel Vilardi wins face-off versus Johan Larsson in Rangers zone.
11:58 of 3rd period - Icing by Rasmus Ristolainen.
11:59 of 3rd period - Charlie Coyle wins face-off versus Marcus Johansson in Islanders zone.
12:03 of 3rd period - Off-side.
12:04 of 3rd period - J.T. Miller wins face-off versus Marcus Johansson in neutral zone.
12:49 of 3rd period - Shot by Anders Lee.
12:49 of 3rd period - Shot Blocked by Ryan Reaves.
13:23 of 3rd period - Pat Maroon is hit by James van Riemsdyk.
13:35 of 3rd period - Off-side.
13:36 of 3rd period - Pierre-Luc Dubois wins face-off versus Charlie Coyle in neutral zone.
14:36 of 3rd period - Rasmus Ristolainen is hit by Pat Maroon.
14:38 of 3rd period - Shot by James van Riemsdyk.
14:38 of 3rd period - Stopped by Keith Kinkaid without a rebound.
14:39 of 3rd period - Johan Larsson wins face-off versus Gabriel Vilardi in Rangers zone.
14:42 of 3rd period - Shot by Sammy Blais.
14:42 of 3rd period - Shot Misses the Net.
14:44 of 3rd period - Shot by Sammy Blais.
14:44 of 3rd period - Stopped by Keith Kinkaid with a rebound.
14:46 of 3rd period - Shot by John Klingberg.
14:46 of 3rd period - Stopped by Keith Kinkaid without a rebound.
14:47 of 3rd period - Alexandre Texier wins face-off versus Marcus Johansson in Rangers zone.
15:00 of 3rd period - Shot by James van Riemsdyk.
15:00 of 3rd period - Stopped by Keith Kinkaid with a rebound.
15:26 of 3rd period - Shot by Rasmus Dahlin.
15:26 of 3rd period - Shot Blocked by Alexandre Carrier.
15:36 of 3rd period - Icing by Samuel Girard.
15:37 of 3rd period - Charlie Coyle wins face-off versus Marcus Johansson in Rangers zone.
15:54 of 3rd period - Shot by Charlie Coyle.
15:54 of 3rd period - Stopped by Keith Kinkaid with a rebound.
16:17 of 3rd period - Shot by Nicolas Aube-Kubel.
16:17 of 3rd period - Stopped by Keith Kinkaid with a rebound.
17:49 of 3rd period - Icing by Brandon Davidson.
17:50 of 3rd period - Alexandre Texier wins face-off versus Gabriel Vilardi in Rangers zone.
18:17 of 3rd period - John Klingberg is hit by Wayne Simmonds and loses puck.
18:44 of 3rd period - Jeff Skinner is hit by Alexandre Texier and loses puck.
18:57 of 3rd period - Rangers, Keith Kinkaid is pulled from the net.
19:11 of 3rd period - Jeff Skinner is hit by Anders Lee and loses puck.
19:17 of 3rd period - Alexandre Carrier is hit by Rasmus Dahlin and loses puck.
19:58 of 3rd period - Off-side.
19:59 of 3rd period - J.T. Miller wins face-off versus Pierre-Luc Dubois in neutral zone.
Goals for this period are 1 for Rangers vs 0 for Islanders.
Shots for this period are 5 for Rangers vs 12 for Islanders.